 Dungeon Crawl Stone Soup version 0.30-a0-439-g9e77e4d916 (webtiles) character file.

Game seed: 3003966317357796262

6825 bande the Cleaver (level 11, -4/67 HPs)
             Began as a Gargoyle Fighter on Dec 11, 2022.
             Was a Priest of Okawaru.
             Slain by a catoblepas (19 damage)
             ... on level 1 of the Lair of Beasts.
             The game lasted 00:14:59 (7909 turns).

bande the Cleaver (Gargoyle Fighter)                Turns: 7909, Time: 00:15:00

Health: -4/67      AC: 24    Str: 20    XL:     11   Next: 5%
Magic:  0/14       EV:  6    Int:  9    God:    Okawaru [***...]
Gold:   577        SH:  5    Dex: 13    Spells: 10/10 levels left

rFire   . . .      SeeInvis .    g - +1 war axe (flame)
rCold   . . .      Faith    .    c - +0 buckler
rNeg    + . .      Spirit   +    t - +0 plate armour
rPois   ∞          Reflect  .    (no helmet)
rElec   +          Harm     .    (no cloak)
rCorr   +          Rampage  .    (no gloves)
Will    .....                    l - +1 pair of boots
Stlth   ..........               z - amulet of guardian spirit
HPRegen 0.31/turn                k - ring of resist corrosion
MPRegen 0.14/turn                (no ring)

@: no status effects
A: sickness immunity, AC +8, negative energy resistance 1, electricity
resistance, torment resistance 1, petrification resistance
a: Renounce Religion, Heroism


You were on level 1 of the Lair of Beasts.
You worshipped Okawaru.
Okawaru was most pleased with you.
You visited 3 branches of the dungeon, and saw 11 of its levels.

You collected 577 gold pieces.

Inventory:

Hand Weapons
 a - a +1 war axe
 g - a +1 war axe of flaming (weapon)
 i - the +6 hand axe of Jaatzol {elec, rElec Will+}
   (You found it on level 3 of the Dungeon)

   It occasionally discharges a powerful burst of electricity upon striking a
   foe.
   rElec:     It insulates you from electricity.
   Will:      It increases your willpower.
Armour
 c - a +0 buckler (worn)
 l - a +1 pair of boots (worn)
 t - a +0 plate armour (worn)
Jewellery
 k - a ring of resist corrosion (left hand)
 v - an amulet of regeneration
 z - an amulet of guardian spirit (around neck)
Wands
 b - a wand of polymorph (10)
 q - a wand of light (18)
 r - a wand of iceblast (6)
 u - a wand of flame (43)
 x - a wand of paralysis (6)
 C - a wand of mindburst (7)
Scrolls
 h - 5 scrolls of identify
 n - 2 scrolls of enchant weapon
 p - 8 scrolls of teleportation
 w - a scroll of amnesia
 y - a scroll of summoning
 A - a scroll of noise {unknown}
 B - a scroll of poison {unknown}
Potions
 d - 4 potions of might
 e - 3 potions of mutation
 f - 2 potions of heal wounds
 j - 4 potions of curing
 m - 3 potions of cancellation
 o - a potion of resistance
 s - 5 potions of flight


   Skills:
 + Level 7.4 Fighting
 + Level 10.0 Axes
 + Level 8.2 Armour
 - Level 0.3 Stealth
 + Level 5.6 Shields
 * Level 4.6 Invocations
 * Level 5.6 Evocations


You had 10 spell levels left.
You didn't know any spells.
Your spell library contained the following spells:

 Spells                   Type           Power      Damage    Failure   Level
 Apportation              Tloc           0%         N/A       100%        1
 Magic Dart               Conj           0%         1d3       100%        1
 Necrotise                Necr           0%         1d4       100%        1
 Searing Ray              Conj           0%         2d4       100%        2
 Fulminant Prism          Conj/Hex       0%         3d5       100%        4
 Summon Small Mammal      Summ           Unusable   N/A       N/A         1

Dungeon Overview and Level Annotations

Branches:
Dungeon (9/15)             Temple (1/1) D:6            Lair (1/5) D:8
    Orc: D:9-12

Altars:
Ashenzari
Cheibriados
Dithmenos
Elyvilon
Fedhas
Gozag
Hepliaklqana
Kikubaaqudgha
Makhleb
Nemelex Xobeh
Okawaru
Qazlal
Ru
Sif Muna
Trog
Uskayaw
Vehumet
Wu Jian
Yredelemnul
Zin
The Shining One

Shops:
D:2 [   D:4 *


Innate Abilities, Weirdness & Mutations

You are immune to sickness and miasma.
Your stone body is resilient. (AC +8)
You are immune to poison.
You resist negative energy. (rN+)
You are resistant to electric shocks. (rElec)
You are resistant to unholy torment.
You are immune to petrification.


Message History

You hit the catoblepas but do no damage.
The catoblepas gores you.
You hit the catoblepas. You burn the catoblepas.
The catoblepas is lightly wounded.
The catoblepas breathes a plume of calcifying dust at you.
The blast of calcifying dust hits you.
You slash the catoblepas! You burn the catoblepas.
The catoblepas is moderately wounded.
The catoblepas gores you but does no damage.
The catoblepas gores you!
You hit the catoblepas but do no damage.
The catoblepas is lightly wounded.
The catoblepas gores you!
You hit the catoblepas. You burn the catoblepas.
The catoblepas is moderately wounded.
The catoblepas gores you!
You are too injured to fight recklessly!
You are too injured to fight recklessly!
You are too injured to fight recklessly!
You are too injured to fight recklessly!
You are too injured to fight recklessly!
You are too injured to fight recklessly!
Unknown command.
The catoblepas gores you.
You hit the catoblepas but do no damage.
The catoblepas is moderately wounded.
The catoblepas gores you!
* * * LOW HITPOINT WARNING * * *
Unknown command.
You hit the catoblepas. You burn the catoblepas.
The catoblepas is moderately wounded.
The catoblepas breathes a plume of calcifying dust at you.
The blast of calcifying dust hits you.
* * * LOW HITPOINT WARNING * * *
Unknown command.
You hit the catoblepas. You burn the catoblepas.
The catoblepas is moderately wounded.
The catoblepas snuffles in challenge.
The catoblepas gores you!!
You die...

##......#
##.......#
#........##
##.........#
#..........##
#..........P#
#...........#
##...Y@§§....#
#.[..........##
##P...........#
##.........$##
#.#........##
##........##
##..P....#.#
#..#..#..#####..
##.##.....####..#


You could see a catoblepas.

Vanquished Creatures
  Pikel (D:7)
  A cane toad (D:8)
  Maggie (D:6)
  5 blink frogs
  11 yaks (D:8)
  A steam dragon (D:7)
  2 water moccasins (D:8)
  An ice beast (D:6)
  2 sky beasts
  A black bear (D:5)
  A centaur (D:5)
  2 ogres
  A lemure (D:7)
  2 phantoms (D:4)
  3 bullfrogs
  3 kobold brigands (D:8)
  2 scorpions
  2 gnoll sergeants
  A necrophage (D:5)
  4 wights
  4 killer bees (D:9)
  3 howler monkeys
  2 jellies (D:6)
  4 hounds
  A gnoll bouda (D:7)
  5 orc priests
  3 iguanas
  6 orc wizards
  5 hell rats (Lair:1)
  11 gnolls
  5 adders
  A shadow imp (D:7)
  2 white imps (D:6)
  2 ufetubi (D:6)
  3 worms
  2 dart slugs
  35 orcs
  8 endoplasms
  2 giant cockroaches
  12 goblins
  5 hobgoblins
  8 jackals
  3 quokkas
  6 ball pythons
  8 bats
  6 frilled lizards
  25 kobolds
  7 rats
231 creatures vanquished.

Notes
Turn   | Place    | Note
-------+----------+-------------------------------------------
     0 | D:1      | bande the Gargoyle Fighter began the quest for the Orb.
     0 | D:1      | Reached XP level 1. HP: 14/14 MP: 1/1
    60 | D:1      | Reached XP level 2. HP: 19/19 MP: 2/2
   253 | D:1      | Reached skill level 2 in Axes
   255 | D:1      | Reached XP level 3. HP: 24/24 MP: 3/3
   659 | D:1      | Found a faded altar of an unknown god.
   659 | D:1      | Noticed a sun demon
   804 | D:2      | Found Xuskeqic's Antique Armour Emporium.
   935 | D:2      | Reached XP level 4. HP: 29/29 MP: 4/4
  1540 | D:3      | Identified the +6 hand axe of Jaatzol {elec, rElec Will+}
  1775 | D:3      | Reached skill level 3 in Axes
  2516 | D:4      | Found Diymorch's General Store.
  2523 | D:4      | Reached XP level 5. HP: 33/33 MP: 5/5
  2527 | D:4      | Noticed an ogre
  2534 | D:4      | Killed an ogre
  2535 | D:4      | Reached skill level 4 in Axes
  2535 | D:4      | Reached XP level 6. HP: 38/38 MP: 6/6
  2931 | D:4      | Reached skill level 5 in Axes
  2931 | D:4      | Reached XP level 7. HP: 44/44 MP: 7/7
  3084 | D:5      | Entered Level 5 of the Dungeon
  3098 | D:5      | Identified the +0 buckler "Sodwas" {rElec rF+ Str-2}
  3331 | D:5      | Reached skill level 5 in Armour
  3463 | D:5      | Reached skill level 1 in Evocations
  3738 | D:5      | Reached skill level 6 in Axes
  3738 | D:5      | Reached XP level 8. HP: 48/48 MP: 8/8
  3809 | D:6      | Noticed Maggie
  3827 | D:6      | Killed Maggie
  3828 | D:6      | Reached skill level 5 in Fighting
  3906 | D:6      | You fall into a shaft and drop 3 floors!
  4174 | D:9      | Reached skill level 7 in Axes
  4503 | D:7      | Reached XP level 9. HP: 19/54 MP: 9/9
  5029 | D:6      | Found a staircase to the Ecumenical Temple.
  5076 | Temple   | Entered the Ecumenical Temple
  5076 | Temple   | Found a transporter.
  5076 | Temple   | Found a transporter.
  5078 | Temple   | Found a transporter.
  5078 | Temple   | Found a transporter.
  5602 | D:7      | Reached skill level 8 in Axes
  5634 | D:7      | Found a sacrificial altar of Ru.
  5645 | D:7      | Found a stormy altar of Qazlal.
  5646 | D:7      | Found an iron altar of Okawaru.
  5646 | D:7      | Found a shimmering blue altar of Sif Muna.
  5646 | D:7      | Found a bloodstained altar of Trog.
  5646 | D:7      | Found a hide-covered altar of Uskayaw.
  5647 | D:7      | Found an opulent altar of Gozag.
  5648 | D:7      | Found a burning altar of Makhleb.
  5649 | D:7      | Found a blossoming altar of Fedhas.
  5651 | D:7      | Found a shadowy altar of Dithmenos.
  5654 | D:7      | Became a worshipper of Warmaster Okawaru
  5897 | D:7      | Noticed Pikel
  5910 | D:7      | Killed Pikel
  5911 | D:7      | Reached skill level 1 in Invocations
  6186 | D:7      | Reached skill level 5 in Shields
  6391 | D:8      | Reached XP level 10. HP: 57/61 MP: 11/11
  6402 | D:8      | Reached * piety under Okawaru
  6454 | D:8      | Found a staircase to the Lair.
  6588 | D:8      | Reached skill level 9 in Axes
  6609 | D:8      | Reached ** piety under Okawaru
  6620 | D:8      | Reached skill level 5 in Evocations
  6944 | Lair:1   | Entered Level 1 of the Lair of Beasts
  6944 | Lair:1   | Noticed a cane toad
  6970 | D:8      | Reached *** piety under Okawaru
  7114 | D:8      | Killed a cane toad
  7510 | Lair:1   | Reached XP level 11. HP: 55/67 MP: 11/14
  7517 | Lair:1   | Reached skill level 10 in Axes
  7897 | Lair:1   | Noticed a catoblepas
  7909 | Lair:1   | Slain by a catoblepas

Illustrated notes

Levels and vault maps discovered:
D:1:      lightli_iron_boxes, layout_loops_ring,
          dreamdust_ecumenical_altar_sealed_demon, minmay_heptomino_l4
D:2:      layout_loops_ring, serial_shops, nicolae_shop_waterfront
D:3:      layout_loops_ring
D:4:      layout_rooms, serial_shops, shop
D:5:      layout_loops_ring
D:6:      layout_loops_ring, minmay_temple_entry_arrows, uniq_maggie
D:7:      layout_cave_pods, minitemple, uniq_pikel
D:8:      layout_rooms, lair_entry_dummy
D:9:      layout_loops_ring, kennysheep_little_box,
          minmay_orc_entry_temple_small
Temple:   hellmonk_temple_divided_pantheon
Lair:1:   minmay_lair_oklob_chamber, layout_cave_pods, beast_lair_carwin_5,
          serial_bayou_shore_a, grunt_megastairs_1

Skill      XL: |  1  2  3  4  5  6  7  8  9 10 11 |
---------------+----------------------------------+-----
Axes           | 2 3 4 5 6 7 8 9 10 | 10.0
Armour         | 4 5 6 7 8 |  8.2
Fighting       | 4 5 6 7 |  7.4
Shields        | 4 5 |  5.6
Evocations     | 1 3 4 5 |  5.6
Invocations    | 2 4 |  4.6
Stealth        | |  0.3

Action                   |  1- 3 |  4- 6 |  7- 9 | 10-12 || total
-------------------------+-------+-------+-------+-------++-------
Melee: War axe           |   115 |    71 |   285 |   212 ||   683
       Hand axe          |       |    47 |       |       ||    47
  Use: Scroll            |     3 |    11 |     5 |     1 ||    20
Armor: Scale mail        |    83 |    76 |    39 |       ||   198
       Plate armour      |       |       |   197 |   138 ||   335
Dodge: Dodged            |    55 |    61 |   105 |    60 ||   281
Block: Buckler           |    26 |    22 |    85 |    48 ||   181

Table legend: (Time is in decaauts)
 A = Elapsed time spent in this place.
 B = Non-inter-level travel time spent in this place.
 C = Inter-level travel time spent in this place.
 D = Time resting spent in this place.
 E = Time spent auto-exploring this place.
 F = Levels seen in this place.
 G = Mean time per level.
                   A        B        C        D        E       F      G
               +--------+--------+--------+--------+--------+-----+--------+
         Total |   8068 |   7757 |    311 |   1240 |   4649 |  11 |  733.5 |
       Dungeon |   7584 |   7273 |    311 |    980 |   4563 |   9 |  842.7 |
        Temple |     55 |     55 |      0 |      0 |      2 |   1 |   55.0 |
          Lair |    428 |    428 |      0 |    260 |     84 |   1 |  428.0 |
               +--------+--------+--------+--------+--------+-----+--------+

Top non-repeatable levels by time:
     D:8: 1208 daAuts
     D:7: 1029 daAuts
     D:3: 991 daAuts
     D:6: 917 daAuts
     D:2: 828 daAuts
     D:5: 737 daAuts
     D:1: 732 daAuts
     D:4: 616 daAuts
     D:9: 521 daAuts
  Lair:1: 428 daAuts
  Temple: 55 daAuts
